[Event "Titled Tuesday Blitz February 22 Early 2022"]
[White "Ambartsumova, Karina"]
[Black "Erdogdu, Mert"]
[WhiteFideId "4166299"]
[BlackFideId "6301495"]
[WhiteElo "2262"]
[BlackElo "2485"]
[Result "0-1"]
[Round "11"]
[TimeControl "180+1"]
[Date "2022.02.22"]
[WhiteClock "0:00:02"]
[BlackClock "0:00:18"]

1. c4 e6 2. Nf3 d5 3. g3 c5 4. Bg2 Nf6 5. O-O Nc6 6. b3 Be7 7. e3 O-O 8. Bb2 b6 9. Nc3 Ba6 10. Qe2 Re8 11. Rfd1 Rc8 12. Nb5 Qd7 13. Rac1 Red8 14. d4 cxd4 15. exd4 Qe8 16. Ne5 Na5 17. Nxa7 Ra8 18. Nb5 dxc4 19. Nc7 c3 20. Nxa6 cxb2 21. Rb1 Rac8 22. Bb7 Nxb7 23. Rxb2 Nd6 24. Nb4 Nf5 25. Nc2 Nd5 26. Qg4 Bf6 27. Nc4 b5 28. Ne5 Bxe5 29. dxe5 b4 30. Re1 Rc3 31. Nxb4 Nxb4 32. Qxb4 Rcd3 33. Rbb1 Nd4 34. Re4 Nf3+ 35. Kg2 Nd2 36. Re2 Nxb1 0-1


[Site "https://www.chess.com"]

[Event "Titled Tuesday Blitz February 22 Early 2022"]
[White "Araujo Filho, Luiz Antonio Coel"]
[Black "Martinez, Shawn"]
[WhiteFideId "2130661"]
[BlackFideId "2039770"]
[WhiteElo "2205"]
[BlackElo "2174"]
[Result "0-1"]
[Round "11"]
[TimeControl "180+1"]
[Date "2022.02.22"]
[WhiteClock "0:00:02"]
[BlackClock "0:00:14"]

1. d4 Nf6 2. Nf3 g6 3. c4 Bg7 4. Nc3 d6 5. e4 O-O 6. Be2 Nc6 7. O-O e5 8. dxe5 Nxe5 9. Nxe5 dxe5 10. Qc2 c6 11. Rd1 Qc7 12. h3 Be6 13. Be3 Rfd8 14. b4 Nd7 15. a4 f5 16. f3 Nf6 17. exf5 Bxf5 18. Qb3 Kh8 19. Rac1 e4 20. Bg5 exf3 21. Bxf3 Qg3 22. Bxf6 Bxf6 23. Ne2 Qg5 24. Rxd8+ Rxd8 25. Rd1 Re8 26. c5 Kg7 27. b5 Re3 28. h4 Rxb3 29. hxg5 Bxg5 30. bxc6 bxc6 31. Bxc6 Be3+ 32. Kh1 Bxc5 33. Nd4 Rb4 34. Nxf5+ gxf5 35. Rd7+ Kg6 36. Kh2 h5 37. Rd8 Bf2 38. g3 Rb3 39. Rh8 Bxg3+ 40. Kg2 h4 41. Rg8+ Kf6 42. Rf8+ Kg5 43. Rg8+ Kf4 44. Rf8 Rb2+ 45. Kg1 h3 0-1


[Site "https://www.chess.com"]

[Event "Titled Tuesday Blitz February 22 Early 2022"]
[White "Atakhan, Abtin"]
[Black "Kobo, Ori"]
[WhiteFideId "22502203"]
[BlackFideId "2812320"]
[WhiteElo "2119"]
[BlackElo "2420"]
[Result "0-1"]
[Round "11"]
[TimeControl "180+1"]
[Date "2022.02.22"]
[WhiteClock "0:00:02"]
[BlackClock "0:00:06"]

1. Nf3 d5 2. d4 Nf6 3. g3 Bf5 4. Bg2 h6 5. c4 e6 6. Nc3 c6 7. Qb3 Qb6 8. c5 Qxb3 9. axb3 Be7 10. h3 Nbd7 11. g4 Bh7 12. Bf4 O-O 13. b4 a6 14. e3 Ne4 15. O-O f5 16. Nxe4 fxe4 17. Nd2 Bf6 18. Bd6 Rf7 19. Nb3 e5 20. f3 exf3 21. Bxf3 Re8 22. Bg2 Bg5 23. Rxf7 Kxf7 24. Kf2 exd4 25. exd4 Bh4+ 26. Kg1 Re2 27. Na5 Rxb2 28. Nxb7 Bf2+ 29. Kh1 Bxd4 30. Rf1+ Nf6 31. Nd8+ Ke8 32. Nxc6 Bc3 33. Ne5 Bxb4 34. Nd3 Bxd3 35. Be5 Re2 36. Bxf6 gxf6 37. Rxf6 Bxc5 38. Bxd5 a5 39. Rf3 Be4 40. Bxe4 Rxe4 41. Rf5 Bb4 42. Rb5 Re6 43. h4 Kf7 44. Kg2 Re3 45. Kf2 Rc3 46. Rb6 Kg7 47. Ra6 Rc7 48. Kf3 Rf7+ 49. Ke4 Be1 50. g5 hxg5 51. hxg5 Bb4 52. Ke5 Re7+ 53. Kf5 Rb7 54. Kg4 Rc7 55. Kf5 Bd2 56. Kg4 Rc4+ 57. Kh5 Rc5 58. Ra7+ Kf8 59. Ra8+ Ke7 60. Ra7+ Kd6 61. Ra8 Rxg5+ 62. Kh4 Rd5 63. Kg4 Bb4 64. Kf3 Re5 65. Kf4 Re7 66. Ra6+ Kc5 0-1


[Site "https://www.chess.com"]

[Event "Titled Tuesday Blitz February 22 Early 2022"]
[White "Batsiashvili, Nino"]
[Black "Rustemov, Alexander"]
[WhiteFideId "13602993"]
[BlackFideId "4119002"]
[WhiteElo "2230"]
[BlackElo "2686"]
[Result "1/2-1/2"]
[Round "11"]
[TimeControl "180+1"]
[Date "2022.02.22"]
[WhiteClock "0:00:05"]
[BlackClock "0:00:06"]

1. d4 d5 2. c4 c6 3. Nf3 Nf6 4. Nc3 dxc4 5. a4 Bf5 6. Ne5 Nbd7 7. Nxc4 Nb6 8. Ne5 a5 9. g3 e6 10. Bg2 Bb4 11. O-O O-O 12. e4 Bxc3 13. bxc3 Bxe4 14. f3 Bg6 15. Qb3 Nbd5 16. Qxb7 Nxc3 17. Nxc6 Qe8 18. Bb2 Nfd5 19. Rf2 Rc8 20. Bxc3 Qxc6 21. Qxc6 Rxc6 22. Bxa5 Rfc8 23. Bd2 Bd3 24. Bf1 Bxf1 25. Kxf1 Ra8 26. a5 Rca6 27. Ke2 Ne7 28. Rff1 Nc6 29. Kd3 Nxa5 30. Bxa5 Rxa5 31. Rxa5 Rxa5 32. Rb1 g5 33. g4 Ra2 34. h4 h6 35. hxg5 hxg5 36. Rb5 f6 37. Rb7 Kf8 38. Ke3 Ra3+ 39. Ke4 Ra5 40. Rc7 Ke8 41. Rb7 Ra1 42. Rc7 Re1+ 43. Kd3 Kf8 44. Rb7 Rf1 45. Ke3 Re1+ 46. Kd3 Rd1+ 47. Ke4 Re1+ 48. Kd3 1/2-1/2


[Site "https://www.chess.com"]

[Event "Titled Tuesday Blitz February 22 Early 2022"]
[White "Berezin, Viktor"]
[Black "Kozak, Alexander"]
[WhiteFideId "14107872"]
[BlackFideId "4135881"]
[WhiteElo "2310"]
[BlackElo "2251"]
[Result "1-0"]
[Round "11"]
[TimeControl "180+1"]
[Date "2022.02.22"]
[WhiteClock "0:00:17"]
[BlackClock "0:00:04"]

1. d4 g6 2. Nf3 Bg7 3. g3 d6 4. Bg2 Nd7 5. O-O e5 6. c4 Ne7 7. Nc3 O-O 8. e4 h6 9. d5 f5 10. Ne1 fxe4 11. Nxe4 Nf6 12. Nc2 Nxe4 13. Bxe4 Bf5 14. Bg2 Bxc2 15. Qxc2 Nf5 16. Bd2 Nd4 17. Qd3 g5 18. Bc3 Qd7 19. Bxd4 exd4 20. Rae1 Be5 21. f4 gxf4 22. gxf4 Bxf4 23. Qxd4 Qg4 24. Kh1 Qh4 25. h3 Qg3 26. Qg1 Kh8 27. Rf3 Qh4 28. Ref1 Rf6 29. Qd4 Rf8 30. Rxf4 1-0


[Site "https://www.chess.com"]

[Event "Titled Tuesday Blitz February 22 Early 2022"]
[White "Blohberger, Felix"]
[Black "Dziththauly, Ramadhan"]
[WhiteFideId "1632051"]
[BlackFideId "7105525"]
[WhiteElo "2474"]
[BlackElo "2620"]
[Result "1-0"]
[Round "11"]
[TimeControl "180+1"]
[Date "2022.02.22"]
[WhiteClock "0:00:05"]
[BlackClock "0:00:03"]

1. e4 c5 2. Nf3 d6 3. d4 cxd4 4. Nxd4 Nf6 5. Nc3 a6 6. Be3 e5 7. Nb3 Be6 8. f3 Nbd7 9. Qd2 h5 10. Nd5 Bxd5 11. exd5 Rc8 12. O-O-O Nb6 13. Kb1 Nbxd5 14. Bg5 Be7 15. Bd3 Nc7 16. Bf5 Ne6 17. Bxf6 gxf6 18. Qd5 Qc7 19. c3 Nf4 20. Qd2 Rd8 21. g3 Ne6 22. Qd5 Qc6 23. Bxe6 fxe6 24. Qxe6 Qxf3 25. Rhf1 Qg4 26. Qd5 Qd7 27. Nd2 f5 28. Nc4 Rf8 29. Qf3 Qe6 30. Qxh5+ Kd7 31. Ne3 f4 32. Nd5 Qf5+ 33. Qxf5+ Rxf5 34. gxf4 Rdf8 35. Kc2 exf4 36. Rf3 Bg5 37. c4 b5 38. b3 Re5 39. Rd2 Re4 40. c5 Re5 41. cxd6 Kxd6 42. Nxf4+ Kc6 43. Rc3+ Kb6 44. Rd6+ Kb7 45. Rcc6 1-0


[Site "https://www.chess.com"]

[Event "Titled Tuesday Blitz February 22 Early 2022"]
[White "Bodnar, Nikolay"]
[Black "Manelyuk, Daniil"]
[WhiteFideId "14106469"]
[BlackFideId "44173920"]
[WhiteElo "2296"]
[BlackElo "2222"]
[Result "1/2-1/2"]
[Round "11"]
[TimeControl "180+1"]
[Date "2022.02.22"]
[WhiteClock "0:01:38"]
[BlackClock "0:00:11"]

1. e4 e6 2. d4 d5 3. Nc3 Bb4 4. e5 c5 5. a3 Bxc3+ 6. bxc3 Ne7 7. h4 b6 8. h5 h6 9. Bb5+ Bd7 10. a4 a6 11. Bd3 Qc7 12. Nf3 Nbc6 13. Ba3 Na5 14. Bc1 O-O 15. O-O c4 16. Be2 f5 17. Nh4 b5 18. Ba3 Rf7 19. Ng6 Be8 20. Nxe7+ Rxe7 21. Bxe7 Qxe7 22. axb5 axb5 23. Ra2 Bc6 24. Qd2 Ra6 25. Rfa1 Qa7 26. Qc1 Bb7 27. Qb2 Nc6 28. Rxa6 Bxa6 29. Qa3 Nb8 30. Qd6 Kf7 31. g4 fxg4 32. Bxg4 Qe7 33. Qxb8 Qg5 34. f3 Qe3+ 35. Kg2 Qd2+ 36. Kg3 Qxc3 37. Rxa6 Qe1+ 38. Kg2 Qe2+ 39. Kh3 Qf1+ 40. Kg3 Qg1+ 41. Kf4 Qc1+ 42. Kg3 Qg1+ 43. Kh4 Qf2+ 44. Kh3 Qf1+ 45. Kh2 Qf2+ 46. Kh1 Qf1+ 47. Kh2 Qf2+ 48. Kh3 Qf1+ 1/2-1/2


[Site "https://www.chess.com"]

[Event "Titled Tuesday Blitz February 22 Early 2022"]
[White "Borisova, Ekaterina"]
[Black "Aaditya Dhingra"]
[WhiteFideId "34124184"]
[BlackFideId "25678191"]
[WhiteElo "2034"]
[BlackElo "1789"]
[Result "1-0"]
[Round "11"]
[TimeControl "180+1"]
[Date "2022.02.22"]
[WhiteClock "0:01:36"]
[BlackClock "0:00:34"]

1. d4 Nf6 2. c4 c5 3. d5 e6 4. Nc3 exd5 5. cxd5 d6 6. e4 g6 7. h3 Bg7 8. Nf3 O-O 9. Bd3 b5 10. Nxb5 Re8 11. O-O Nxe4 12. Re1 f5 13. Nd2 a6 14. Nc3 Nxc3 15. Rxe8+ Qxe8 16. bxc3 Nd7 17. Qa4 Bxc3 18. Rb1 Qe1+ 19. Nf1 Qe7 20. Qc6 1-0


[Site "https://www.chess.com"]

[Event "Titled Tuesday Blitz February 22 Early 2022"]
[White "Bortnyk, Olexandr"]
[Black "Priasmoro, Novendra"]
[WhiteFideId "14120828"]
[BlackFideId "7105029"]
[WhiteElo "2723"]
[BlackElo "2309"]
[Result "1-0"]
[Round "11"]
[TimeControl "180+1"]
[Date "2022.02.22"]
[WhiteClock "0:00:04"]
[BlackClock "0:00:07"]

1. e4 e5 2. Bc4 Nf6 3. d3 c6 4. Nf3 d5 5. Bb3 Bd6 6. Nc3 O-O 7. O-O dxe4 8. Nxe4 Nxe4 9. dxe4 h6 10. h3 Qe7 11. Qe2 Be6 12. Rd1 Nd7 13. Bxe6 Qxe6 14. Qd3 Be7 15. Be3 Rfd8 16. Qc3 b6 17. Rd3 Nf6 18. Qxe5 Nxe4 19. Qxe6 fxe6 20. Nd4 Nc5 21. Rdd1 Rac8 22. b4 Ne4 23. Nxe6 Rxd1+ 24. Rxd1 Kf7 25. Nf4 Rc7 26. a3 g5 27. Ne2 c5 28. b5 Nd6 29. a4 Nc4 30. Bc1 Bf6 31. Kf1 Re7 32. Ng3 Kg6 33. f3 Bb2 34. Bxb2 Nxb2 35. Rd6+ Kf7 36. Rxh6 Nxa4 37. Ne4 Kg7 38. Rd6 Nb2 39. Rd5 Kh6 40. Rd6+ Kg7 41. Rd5 Kh6 42. Kf2 Nc4 43. Rd8 Na3 44. Rh8+ Kg7 45. Rh5 Nxb5 46. Rxg5+ Kh6 47. h4 Nd4 48. c3 Ne6 49. Re5 Kg6 50. h5+ Kf7 51. g4 Rd7 52. h6 Nf8 53. Rf5+ Ke7 54. Nf6 Rd2+ 55. Kg3 Rd1 56. Ng8+ Ke8 57. Nf6+ Ke7 58. g5 Rg1+ 59. Kh2 Rf1 60. Kg2 Rc1 61. Nd5+ Ke8 62. Nf6+ Ke7 63. h7 Ng6 64. Nd5+ Ke8 65. Nf4 Nh4+ 66. Kf2 Rc2+ 67. Kf1 Rc1+ 68. Ke2 Nxf5 69. h8=Q+ Kd7 70. Qh7+ Ne7 71. Nd5 Rc2+ 72. Qxc2 Nxd5 73. Qh7+ Kd6 74. Qxa7 b5 75. Qa6+ Ke5 76. Kd2 b4 77. cxb4 Nxb4 78. Qc4 Kd6 79. g6 Nd5 80. Qxd5+ Kxd5 81. g7 1-0


[Site "https://www.chess.com"]

[Event "Titled Tuesday Blitz February 22 Early 2022"]
[White "Budrewicz, Krzysztof"]
[Black "Petrosyan, Manuel"]
[WhiteFideId "1127950"]
[BlackFideId "13300857"]
[WhiteElo "2248"]
[BlackElo "2592"]
[Result "0-1"]
[Round "11"]
[TimeControl "180+1"]
[Date "2022.02.22"]
[WhiteClock "0:01:55"]
[BlackClock "0:02:20"]

1. d4 b6 2. c4 Bb7 3. Nc3 Nf6 4. f3 d5 5. cxd5 Nxd5 6. e4 Nxc3 7. bxc3 e6 8. Be3 Be7 9. Bd3 O-O 10. Ne2 c5 11. dxc5 Bxc5 12. Bxc5 bxc5 13. O-O Nd7 14. Kh1 Ne5 15. Bb5 Qa5 16. Qa4 Qxa4 17. Bxa4 Ba6 18. Bd1 Rfd8 19. f4 Ng4 20. Rf3 Rxd1+ 21. Rxd1 Bxe2 0-1


[Site "https://www.chess.com"]

[Event "Titled Tuesday Blitz February 22 Early 2022"]
[White "Cherniaiev, Tykhon"]
[Black "Kadam, Om Manish"]
[WhiteFideId "14182360"]
[BlackFideId "45076294"]
[WhiteElo "2289"]
[BlackElo "1729"]
[Result "1/2-1/2"]
[Round "11"]
[TimeControl "180+1"]
[Date "2022.02.22"]
[WhiteClock "0:00:09"]
[BlackClock "0:00:09"]

1. Nf3 Nf6 2. c4 g6 3. b3 Bg7 4. Bb2 O-O 5. g3 d6 6. d4 Nbd7 7. Bg2 c6 8. O-O Qc7 9. Nc3 e5 10. Rc1 Re8 11. e3 Nf8 12. Ba3 Rd8 13. h3 Qa5 14. Bb2 Ne6 15. d5 cxd5 16. cxd5 Nc5 17. a3 Qa6 18. Ne1 Bd7 19. b4 Na4 20. Qb3 Nxc3 21. Bxc3 Ba4 22. Qb2 Bb5 23. Nc2 Bxf1 24. Bxf1 Qb6 25. Bg2 Rac8 26. e4 Bh6 27. Rd1 Rc4 28. Ne1 Rdc8 29. Bd2 Qd4 30. Qa2 Bxd2 31. Rxd2 Qc3 32. Kf1 Rd4 33. Rc2 Qxc2 34. Nxc2 Rd2 35. Qb3 Rcxc2 36. Qe3 b6 37. Kg1 Nh5 38. Bf1 Kg7 39. Kg2 h6 40. Bd3 Rb2 41. Bb5 f5 42. exf5 gxf5 43. Bc4 Kg6 44. Qf3 Rxf2+ 45. Qxf2 Rxf2+ 46. Kxf2 Kf6 47. Be2 Ng7 48. Ke3 Ne8 49. g4 fxg4 50. hxg4 Kg5 51. Kd3 Nf6 52. Kc4 a6 53. Kb3 b5 54. a4 bxa4+ 55. Kxa4 Nxd5 56. Ka5 e4 57. Bxa6 Kxg4 58. b5 Kf3 59. Bb7 Nc7 60. b6 Ne6 61. Bd5 Nd8 62. Ka6 h5 63. Ka7 h4 64. Kb8 h3 65. Kc7 h2 66. Kxd8 h1=Q 67. b7 Qh8+ 68. Kc7 Qg7+ 69. Kb6 Qb2+ 70. Kc7 Qc3+ 71. Kxd6 Qb4+ 72. Kc7 Qc5+ 73. Bc6 Qe7+ 74. Kc8 Qf8+ 75. Kc7 Qf4+ 76. Kc8 Qd6 77. Bxe4+ Kxe4 78. b8=Q Qc6+ 79. Qc7 Qa8+ 80. Qb8 Qxb8+ 81. Kxb8 1/2-1/2


[Site "https://www.chess.com"]

[Event "Titled Tuesday Blitz February 22 Early 2022"]
[White "Chernomordik, Pavel"]
[Black "Freitag, Manfred"]
[WhiteFideId "2804530"]
[BlackFideId "1602004"]
[WhiteElo "2249"]
[BlackElo "2275"]
[Result "0-1"]
[Round "11"]
[TimeControl "180+1"]
[Date "2022.02.22"]
[WhiteClock "0:00:01"]
[BlackClock "0:00:04"]

1. e4 c6 2. Nc3 d5 3. Qf3 e6 4. d3 Nf6 5. Qg3 Nbd7 6. f4 Qb6 7. e5 Ng8 8. Nf3 Ne7 9. d4 Nf5 10. Qf2 h5 11. Bd3 g6 12. Ne2 Be7 13. c3 a6 14. g3 c5 15. a3 c4 16. Bc2 Qc7 17. h3 b5 18. Bd2 a5 19. Kf1 Bb7 20. Kg2 Nb6 21. g4 Nh6 22. gxh5 gxh5 23. Ng3 h4 24. Nh5 O-O-O 25. Nf6 Na4 26. Rab1 Nb6 27. Nxh4 Nd7 28. Nxd7 Qxd7 29. Nf3 Rdg8+ 30. Kf1 f6 31. Ke2 fxe5 32. Nxe5 Qe8 33. Rbg1 Nf5 34. Kd1 Bh4 35. Qf3 Ng3 36. Rh2 Ne4 37. Rhg2 Rxg2 38. Qxg2 Kb8 39. Kc1 Bf6 40. Be3 Ka8 41. Bd1 b4 42. axb4 axb4 43. Qc2 b3 44. Qb1 Qa4 45. Bg4 Bc8 46. Nf7 Rh7 47. Ng5 Ra7 48. Kd1 Qa2 49. Ke2 Bb7 50. Nxe4 dxe4 51. Bxe6 Ra5 52. Bxc4 Ba6 53. Bxa6 Rxa6 54. Qc1 Qa5 55. Rg8+ Kb7 56. d5 Rd6 57. c4 Qb4 58. Qd2 Qxd2+ 59. Kxd2 Bxb2 60. Bc5 Rd7 61. d6 Bf6 62. Ba3 b2 63. Kc2 Kc6 64. Bxb2 Kb6 0-1


[Site "https://www.chess.com"]

[Event "Titled Tuesday Blitz February 22 Early 2022"]
[White "Chincholimath, Halsagar"]
[Black "Zavivaeva, Emilia"]
[WhiteFideId "5022487"]
[BlackFideId "34127531"]
[WhiteElo "1737"]
[BlackElo "1685"]
[Result "0-1"]
[Round "11"]
[TimeControl "180+1"]
[Date "2022.02.22"]
[WhiteClock "0:00:12"]
[BlackClock "0:00:21"]

1. e4 a6 2. d4 b5 3. f4 Bb7 4. Bd3 g6 5. Nf3 Bg7 6. c3 e6 7. O-O Ne7 8. Qe1 O-O 9. Qh4 d6 10. f5 exf5 11. exf5 Nxf5 12. Qxd8 Rxd8 13. Bxf5 gxf5 14. Bg5 Re8 15. Nbd2 Nd7 16. Rae1 Be4 17. Rf2 d5 18. h4 c5 19. Bf4 Bxf3 20. Rxe8+ Rxe8 21. Nxf3 Re4 22. Bd6 cxd4 23. Rd2 dxc3 24. bxc3 Nb6 25. Bc5 Bxc3 26. Rd3 Na4 27. Ba7 d4 28. Ng5 Re2 29. Rg3 f6 30. Ne4+ Kf7 31. Nd6+ Ke6 32. Ne8 Rxa2 33. Rg7 d3 34. Bb8 Kd5 35. Nc7+ Kc4 36. Rd7 d2 37. Nd5 d1=Q+ 38. Kh2 Qg4 39. Ne3+ Kb3 40. Nxg4 fxg4 41. Rd3 Nc5 42. Rg3 b4 43. Rxg4 a5 44. Bd6 Nd3 45. Rg3 Ne5 46. Re3 a4 47. h5 Ng4+ 48. Kg3 Nxe3 49. Kf3 Nxg2 50. h6 Ne1+ 51. Ke3 a3 52. Be5 Rd2 53. Ke4 a2 54. Bxc3 bxc3 55. Ke3 a1=Q 56. Kf4 Qa4+ 57. Kf5 Qb5+ 58. Ke6 Qc4+ 59. Ke7 Rd5 60. Kf8 Qc6 61. Kg7 Rd7+ 0-1


[Site "https://www.chess.com"]

[Event "Titled Tuesday Blitz February 22 Early 2022"]
[White "Clawitter, Craig"]
[Black "Mohammadian, Mohammad"]
[WhiteFideId "2023105"]
[BlackFideId "12566055"]
[WhiteElo "2201"]
[BlackElo "1543"]
[Result "1/2-1/2"]
[Round "11"]
[TimeControl "180+1"]
[Date "2022.02.22"]
[WhiteClock "0:00:24"]
[BlackClock "0:00:40"]

1. e4 e5 2. Nf3 Nc6 3. Nc3 Nf6 4. g3 d6 5. Bg2 Bg4 6. h3 Bh5 7. O-O Nd4 8. g4 Nxf3+ 9. Qxf3 Bg6 10. d3 Be7 11. Qg3 O-O 12. f4 exf4 13. Bxf4 Nd7 14. g5 Ne5 15. h4 f6 16. Nd5 fxg5 17. Nxe7+ Qxe7 18. Bxg5 Rxf1+ 19. Rxf1 Qe6 20. b3 Rf8 21. Rxf8+ Kxf8 22. Bh3 Qf7 23. Bf4 Nc6 24. c3 Qf6 25. Bd2 Qe5 26. Qg4 Qe8 27. Bg2 Ne5 28. Qe2 Qe7 29. d4 Nc6 30. Bg5 Qf7 31. Kh2 h6 32. Be3 Bh5 33. Qf2 Qxf2 34. Bxf2 Kf7 35. d5 Ne5 36. Bxa7 b6 37. Bb8 c6 38. Bxd6 Ng4+ 39. Kg3 cxd5 40. exd5 Ne3 41. c4 Nf5+ 42. Kf4 Nxd6 43. Ke5 Ke7 44. Bf1 Bf7 45. b4 g5 46. hxg5 hxg5 47. c5 bxc5 48. bxc5 Nc8 49. Ba6 Kd8 50. a4 g4 51. Bxc8 Kxc8 52. Kf4 Bxd5 53. Kxg4 Kc7 54. Kf4 Kc6 55. Ke5 Kxc5 56. a5 Bb7 57. a6 Bxa6 1/2-1/2


[Site "https://www.chess.com"]

[Event "Titled Tuesday Blitz February 22 Early 2022"]
[White "Cramling Bellon, Anna"]
[Black "Faizrakhmanov, Ramil"]
[WhiteFideId "32009232"]
[BlackFideId "24103209"]
[WhiteElo "1905"]
[BlackElo "2502"]
[Result "1-0"]
[Round "11"]
[TimeControl "180+1"]
[Date "2022.02.22"]
[WhiteClock "0:00:16"]
[BlackClock "0:00:31"]

1. d4 Nf6 2. c4 g6 3. Nc3 Bg7 4. e4 d6 5. h3 O-O 6. Bg5 Qe8 7. Nf3 e5 8. d5 Nh5 9. g3 h6 10. Be3 f5 11. exf5 gxf5 12. Be2 f4 13. gxf4 Nxf4 14. Rg1 Kh8 15. Qd2 Nxe2 16. Qxe2 Qh5 17. Rg3 Bxh3 18. Ng5 Qxe2+ 19. Kxe2 Bf5 20. Rh1 Na6 21. Ne6 Bxe6 22. Bxh6 Bf5 23. Bxg7+ Kg8 24. Bxf8+ Kf7 25. Rf3 Kxf8 26. Rh8+ 1-0


[Site "https://www.chess.com"]

[Event "Titled Tuesday Blitz February 22 Early 2022"]
[White "Csonka, Balazs"]
[Black "Shahaliyev, Ismayil"]
[WhiteFideId "742910"]
[BlackFideId "13406388"]
[WhiteElo "2404"]
[BlackElo "2105"]
[Result "1/2-1/2"]
[Round "11"]
[TimeControl "180+1"]
[Date "2022.02.22"]
[WhiteClock "0:00:04"]
[BlackClock "0:00:16"]

1. Nf3 Nf6 2. c4 e6 3. Nc3 d5 4. d4 Bb4 5. Bg5 Nbd7 6. e3 c5 7. cxd5 exd5 8. dxc5 Qa5 9. Rc1 Ne4 10. Qxd5 Nxc3 11. bxc3 Bxc3+ 12. Kd1 O-O 13. Bc4 Nf6 14. Bxf6 Bxf6 15. Ke2 Be6 16. Qe4 Rfe8 17. Rhd1 Rac8 18. Bxe6 Rxe6 19. Qxb7 Qxa2+ 20. Rd2 Qa6+ 21. Qxa6 Rxa6 22. Rd7 Ra2+ 23. Kf1 a5 24. c6 Kf8 25. Ra7 a4 26. Nd4 a3 27. c7 Ke8 28. Nb5 Kd7 29. Nxa3 Bb2 30. Rd1+ Ke7 31. Nb5 Rxa7 32. Nxa7 Rxc7 33. Nb5 Rc2 34. Nd4 Rc5 35. g4 h5 36. h3 hxg4 37. hxg4 g6 38. Kg2 Kf6 39. f4 g5 40. Kf3 gxf4 41. exf4 Bxd4 42. Rxd4 Rc3+ 43. Ke4 Rg3 44. Rd6+ Ke7 45. Ra6 Rxg4 46. Kf5 1/2-1/2


[Site "https://www.chess.com"]

[Event "Titled Tuesday Blitz February 22 Early 2022"]
[White "Dahanayake, Isara Banidu"]
[Black "Kornyukov, Alexey"]
[WhiteFideId "9932631"]
[BlackFideId "4150457"]
[WhiteElo "1394"]
[BlackElo "2303"]
[Result "0-1"]
[Round "11"]
[TimeControl "180+1"]
[Date "2022.02.22"]
[WhiteClock "0:00:59"]
[BlackClock "0:00:37"]

1. e4 c5 2. Nf3 Nc6 3. Bb5 g6 4. Bxc6 dxc6 5. O-O Bg7 6. h3 Nf6 7. d3 O-O 8. Nc3 b5 9. Be3 Nd7 10. Rb1 b4 11. Ne2 a5 12. Qd2 Qb6 13. d4 cxd4 14. Nexd4 c5 15. Ne2 Qc6 16. Ng3 Ne5 17. Nxe5 Bxe5 18. f4 Bg7 19. f5 Ba6 20. Rf2 Rad8 21. Qc1 Qa4 22. Bh6 Qxa2 23. Bxg7 Kxg7 24. e5 Qd5 25. f6+ exf6 26. exf6+ Kh8 27. Qh6 Rg8 28. Rf4 g5 29. Rf5 Qd4+ 30. Kh1 Rg6 31. Qh5 g4 32. Ne2 Qe4 33. Nf4 gxh3 34. Nxg6+ fxg6 35. Qxh3 Qxf5 36. Qxf5 gxf5 37. Rf1 Bxf1 38. Kg1 Be2 39. Kf2 Bd1 40. c3 bxc3 41. bxc3 Rd2+ 42. Ke1 Rxg2 43. Kxd1 Kg8 44. Kc1 h5 45. Kd1 h4 46. Ke1 h3 47. Kf1 Rb2 48. Kg1 a4 49. Kh1 a3 50. Kg1 a2 0-1


[Site "https://www.chess.com"]

[Event "Titled Tuesday Blitz February 22 Early 2022"]
[White "Dauner, Benedikt"]
[Black "Hoffmann, Asa"]
[WhiteFideId "16225899"]
[BlackFideId "2001470"]
[WhiteElo "2230"]
[BlackElo "2117"]
[Result "1-0"]
[Round "11"]
[TimeControl "180+1"]
[Date "2022.02.22"]
[WhiteClock "0:00:08"]
[BlackClock "0:00:38"]

1. d4 Nf6 2. c4 c5 3. d5 e5 4. Nc3 d6 5. e4 Be7 6. Nge2 Nbd7 7. Ng3 g6 8. Bd3 h5 9. h4 Nh7 10. a3 Bxh4 11. b4 b6 12. Rb1 Bg5 13. Bb2 Nhf6 14. Nb5 Nf8 15. bxc5 bxc5 16. Qa4 Ke7 17. Nxa7 Bd7 18. Nc6+ Bxc6 19. Qxc6 Rb8 20. O-O h4 21. Ne2 h3 22. g3 h2+ 23. Kh1 Qd7 24. f4 Qxc6 25. dxc6 exf4 26. gxf4 Bh4 27. e5 dxe5 28. Bxe5 Rc8 29. c7 Ne6 30. Rb7 Rh5 31. f5 gxf5 32. Rxf5 Rxf5 33. Bxf5 Bf2 34. Kxh2 Bd4 35. Nxd4 cxd4 36. Bxe6 fxe6 37. Rb8 Ng4+ 38. Kg3 Nxe5 39. Rxc8 Kd7 40. Rd8+ Kxc7 41. Rxd4 Nc6 42. Rh4 e5 43. Kf3 Kd6 44. Ke4 Kc5 45. Rh6 Na5 46. Kd3 e4+ 47. Kc3 e3 48. Rh5+ Kb6 49. Re5 Nc6 50. Rxe3 Kc5 51. Rh3 Nd4 52. Rh5+ Kc6 53. Kxd4 Kd6 54. c5+ 1-0


[Site "https://www.chess.com"]

[Event "Titled Tuesday Blitz February 22 Early 2022"]
[White "De Verdier, Michael"]
[Black "Mikhailovsky, Vladimir"]
[WhiteFideId "1710516"]
[BlackFideId "34105414"]
[WhiteElo "2301"]
[BlackElo "2371"]
[Result "0-1"]
[Round "11"]
[TimeControl "180+1"]
[Date "2022.02.22"]
[WhiteClock "0:00:24"]
[BlackClock "0:01:05"]

1. Nf3 d5 2. e3 Nf6 3. c4 e6 4. b3 b6 5. cxd5 exd5 6. Bb2 Bb7 7. Nc3 Nbd7 8. d4 Bd6 9. Bd3 Qe7 10. Rc1 a6 11. O-O O-O 12. Ne2 Ne4 13. Ng3 f5 14. Rc2 Rf6 15. Qe2 a5 16. Rfc1 c6 17. Nh4 Raf8 18. Ba6 Ba8 19. a4 g5 20. Nf3 Rh6 21. Rxc6 Bxc6 22. Rxc6 g4 23. Ne5 Qh4 24. Rxd6 Qxh2+ 25. Kf1 Qh1+ 26. Nxh1 Rxh1# 0-1


[Site "https://www.chess.com"]

[Event "Titled Tuesday Blitz February 22 Early 2022"]
[White "Deac, Bogdan-Daniel"]
[Black "Vovk, Orest"]
[WhiteFideId "1226380"]
[BlackFideId "14113490"]
[WhiteElo "2646"]
[BlackElo "2203"]
[Result "1-0"]
[Round "11"]
[TimeControl "180+1"]
[Date "2022.02.22"]
[WhiteClock "0:00:25"]
[BlackClock "0:00:02"]

1. Nf3 h6 2. d4 g5 3. e4 Bg7 4. c3 d6 5. Bc4 c6 6. Nbd2 d5 7. Bd3 g4 8. Ne5 Bxe5 9. dxe5 Qc7 10. O-O Qxe5 11. f4 gxf3 12. Nxf3 Qh5 13. exd5 cxd5 14. Be2 Nf6 15. Bf4 Rg8 16. Ne5 Qh3 17. Bf3 Be6 18. Qa4+ Nbd7 19. Kh1 Qf5 20. Rae1 b5 21. Qd4 Nxe5 22. Bxe5 Qc2 23. Bxf6 exf6 24. Qxd5 Ke7 25. Qb7+ Kd6 26. Rd1+ Ke5 27. Qxb5+ Kf4 28. Rd4+ Ke3 29. Re1+ Kf2 30. Qf1# 1-0


[Site "https://www.chess.com"]

[Event "Titled Tuesday Blitz February 22 Early 2022"]
[White "Demchenko, Anton"]
[Black "Andreikin, Dmitry"]
[WhiteFideId "4160258"]
[BlackFideId "4158814"]
[WhiteElo "2539"]
[BlackElo "2736"]
[Result "0-1"]
[Round "11"]
[TimeControl "180+1"]
[Date "2022.02.22"]
[WhiteClock "0:00:03"]
[BlackClock "0:00:11"]

1. e4 c5 2. Nf3 e6 3. d4 cxd4 4. Nxd4 Nc6 5. Nc3 Qc7 6. Be3 a6 7. Qf3 Nf6 8. O-O-O Rb8 9. Nxc6 bxc6 10. Bc4 Bd6 11. Rxd6 Qxd6 12. e5 Qxe5 13. Bf4 Qc5 14. Bxb8 Qxc4 15. Bd6 h5 16. Qe3 c5 17. b3 Qd4 18. Bxc5 Qxe3+ 19. Bxe3 Bb7 20. f3 h4 21. h3 Rh5 22. Rd1 Bc6 23. a4 Re5 24. Bf4 Rf5 25. Bd6 g5 26. Kb2 Nh5 27. Ne2 Nf4 28. Nxf4 gxf4 29. c4 f6 30. Kc3 Kf7 31. Ra1 e5 32. b4 e4 33. fxe4 Bxe4 34. Ra2 f3 35. gxf3 Rxf3+ 36. Kd4 f5 37. b5 Ke6 38. Bb8 Rxh3 39. c5 Rb3 40. Bd6 axb5 41. a5 Rb4+ 42. Ke3 Ra4 43. Rxa4 bxa4 44. a6 a3 45. Bf8 a2 46. c6 a1=Q 0-1


[Site "https://www.chess.com"]